 Dungeon Crawl Stone Soup version 0.31-a0-210-gccc998df9b (webtiles) character file.

Game seed: 16400741751028848745

453 qw the Chopper (level 7, -1/43 HPs)
             Began as a Gargoyle Fighter on June 30, 2023.
             Slain by a wight
             ... wielding a +4 long sword of freezing
              (3 damage)
             ... on level 5 of the Dungeon.
             The game lasted 00:01:59 (3914 turns).

qw the Chopper (Gargoyle Fighter)                   Turns: 3914, Time: 00:02:00

Health: -1/43      AC: 18    Str: 21    XL:     7   Next: 5%
Magic:  7/7        EV:  8    Int:  9    God:
Gold:   283        SH:  4    Dex:  9    Spells: 6/6 levels left

rFire   . . .        Y - +1 war axe (chaos)
rCold   . . .        c - +0 buckler
rNeg    + . .        r - +0 chain mail
rPois   inf          i - +1 helmet
rElec   +            o - +0 cloak
rCorr   .            e - +0 pair of gloves
SInv    .            (no boots)
Will    .....        m - amulet of the acrobat Stlth
                     (no ring)
HPRegen 0.27/turn    (no ring)
MPRegen 0.10/turn

%: acrobat
@: no status effects
A: sickness immunity, AC +4, negative energy resistance 1, electricity
resistance, torment resistance 1, petrification resistance
a: no special abilities


You were on level 5 of the Dungeon.
You visited 2 branches of the dungeon, and saw 6 of its levels.

You collected 283 gold pieces.


Innate Abilities, Weirdness & Mutations

You are immune to sickness and miasma.
Your stone body is resilient. (AC +4)
You are immune to poison.
You resist negative energy. (rN+)
You are resistant to electric shocks. (rElec)
You are resistant to unholy torment.
You are immune to petrification.


   Skills:
 - Level 4.1 Fighting
 + Level 6.2 Axes
 - Level 3.2 Armour
 - Level 1.0 Dodging
 - Level 3.2 Shields


You had 6 spell levels left.
You didn't know any spells.
Your spell library was empty.

Inventory:

Hand Weapons
 b - a +2 morningstar of freezing
 n - a +0 hand axe
 Y - a +1 war axe of chaos (weapon)
Armour
 c - a +0 buckler (worn)
 e - a +0 pair of gloves (worn)
 i - a +1 helmet (worn)
 o - a +0 cloak (worn)
 r - a +0 chain mail (worn)
Jewellery
 m - an amulet of the acrobat (around neck)
Scrolls
 g - a scroll of identify
 l - 2 scrolls of teleportation
Potions
 a - 2 potions of haste {unknown}
 d - 3 potions of might
 h - a potion of magic {unknown}
 j - a potion of invisibility {unknown}
 k - a potion of heal wounds {unknown}
 p - a potion of mutation {unknown}
 q - a potion of degeneration {unknown}

Dungeon Overview and Level Annotations

Branches:
Dungeon (5/15)             Temple (1/1) D:4

Altars:
Ashenzari
Cheibriados
Dithmenos
Elyvilon
Fedhas
Gozag
Kikubaaqudgha
Makhleb
Nemelex Xobeh
Ru
Trog
Uskayaw
Yredelemnul
The Shining One

Annotations:
D:4 2 runed translucent doors


Message History

The howler monkey hoots and howls with incredible vigour!
You hear an angry hiss. x2
You closely miss the howler monkey. The howler monkey hits you.
You slice the howler monkey!! You burn the howler monkey!
You kill the howler monkey!
You slash the wight!
The wight seems to slow down.
The wight is almost destroyed.
You hit the wight.
The wight suddenly seems more agile.
The wight completely misses you. The wight barely misses you.
You hit the wight.
The wight is almost destroyed.
You barely miss the adder. You hit the wight but do no damage.
The adder bites you but does no damage.
The wight hits you but does no damage. x2
You block the adder's attack.
You closely miss the wight.
The wight is almost destroyed.
You miss the adder. You hit the wight but do no damage.
The adder barely misses you.
The wight hits you with a +4 long sword of freezing.
The wight freezes you. The wight hits you with a +0 scimitar!
You slash the wight! You burn the wight.
You destroy the wight!
You miss the adder. You hit the wight.
The wight seems to grow stronger.
You block the adder's attack. The wight hits you but does no damage.
The adder bites you but does no damage.
Your Axes skill increases to level 6!
You have reached level 7!
You closely miss the wight.
The wight is heavily damaged.
You barely miss the adder. The adder closely misses you.
You block the wight's attack.
The wight hits you with a +4 long sword of freezing.
The wight freezes you.
You barely miss the wight.
The wight is heavily damaged.
You slash the adder! You barely miss the wight.
The adder bites you but does no damage. x2
The wight hits you with a +4 long sword of freezing!!
The wight freezes you.
You die...

.....#......#
.....)......+
..f....
####.#......#
.......
#.####..##
..z.... ..#
##..## .......
#### ##).#
....... ##.###
.......
#...###.......
###..@S....#
##.zz....#
#.......#
#..........
#.......###
#.......#
#.......#
#.......#
#.......#


You could see 2 wights and an adder.

Vanquished Creatures
  A scorpion (D:3)
  2 wights (D:5)
  A howler monkey (D:5)
  2 iguanas
  Robin (D:2)
  9 adders
  5 worms
  A dart slug (D:1)
  3 orcs
  8 endoplasms
  7 giant cockroaches
  10 goblins
  11 hobgoblins
  4 jackals (D:4)
  4 kobolds
  2 quokkas (D:3)
  8 ball pythons
  5 bats
  A frilled lizard (D:2)
  4 rats
89 creatures vanquished.

Vanquished Creatures (collateral kills)
  A dart slug (D:3)
  A bat (D:3)
  A hobgoblin (D:3)
3 creatures vanquished.

Grand Total: 92 creatures vanquished

Notes
Turn   | Place    | Note
-------+----------+-------------------------------------------
     0 | D:1      | qw the Gargoyle Fighter began the quest for the Orb.
     0 | D:1      | Reached XP level 1. HP: 14/14 MP: 1/1
     0 | D:1      | 0 ||| qw: Version: 0.3-a-26-gee661ec
     0 | D:1      | 0 ||| qw: Game counter: 7201
     0 | D:1      | 0 ||| qw: Melee chars always use a shield: true
     0 | D:1      | 0 ||| qw: God list: Okawaru
     0 | D:1      | 0 ||| qw: Allow faded altars: false
     0 | D:1      | 0 ||| qw: Do Orc after clearing Dungeon:15 true
     0 | D:1      | 0 ||| qw: Do second Lair branch before Depths: true
     0 | D:1      | 0 ||| qw: Lair rune preference: random
     0 | D:1      | 0 ||| qw: Goals: Normal, Zot:1-4, Slime:5, God:TSO, Crypt,
                  | Tomb, Abyss, Pan, Hells, Win
     0 | D:1      | 0 ||| PLANNING D:1-11
    35 | D:1      | Reached skill level 2 in Axes
   142 | D:1      | Reached XP level 2. HP: 19/19 MP: 2/2
   248 | D:1      | 248 ||| Stepping ~*~*~tactically~*~*~ (hiding).
   500 | D:1      | Reached skill level 3 in Axes
   541 | D:1      | Reached XP level 3. HP: 23/23 MP: 3/3
   855 | D:2      | 855 ||| Stepping ~*~*~tactically~*~*~ (stealth).
  1046 | D:2      | Noticed Robin
  1047 | D:2      | 1047 ||| Stepping ~*~*~tactically~*~*~ (hiding).
  1057 | D:2      | Reached XP level 4. HP: 16/28 MP: 4/4
  1060 | D:2      | Killed Robin
  1061 | D:2      | 1061 ||| FLEEEEING.
  1062 | D:2      | 1062 ||| FLEEEEING.
  1063 | D:2      | 1063 ||| FLEEEEING.
  1077 | D:2      | 1077 ||| FLEEEEING.
  1173 | D:2      | 1173 ||| Stepping ~*~*~tactically~*~*~ (stealth).
  1180 | D:2      | Reached skill level 4 in Axes
  1219 | D:2      | 1219 ||| Stepping ~*~*~tactically~*~*~ (stealth).
  1220 | D:2      | 1220 ||| Stepping ~*~*~tactically~*~*~ (stealth).
  1221 | D:2      | 1221 ||| Stepping ~*~*~tactically~*~*~ (stealth).
  1222 | D:2      | 1222 ||| Stepping ~*~*~tactically~*~*~ (stealth).
  1234 | D:2      | Found a faded altar of an unknown god.
  1383 | D:2      | 1383 ||| DROPPING +0 club.
  1455 | D:2      | 1455 ||| Stepping ~*~*~tactically~*~*~ (stealth).
  1679 | D:2      | 1679 ||| UPGRADING to +1 helmet.
  1684 | D:2      | 1684 ||| READING scroll labelled ETEAVV LAAGGU.
  1685 | D:2      | 1685 ||| READING scroll labelled SOGIMO WAETT.
  1686 | D:2      | 1686 ||| READING scroll labelled XOMEIK SEODILL.
  1691 | D:2      | 1691 ||| READING scroll labelled XUYFOE QYRRA.
  1837 | D:3      | Noticed a scorpion
  1854 | D:3      | HP: 7/28 [scorpion (4)]
  1858 | D:3      | HP: 1/28 [scorpion (6)]
  1861 | D:3      | Killed a scorpion
  1862 | D:3      | Reached skill level 5 in Axes
  1862 | D:3      | Reached XP level 5. HP: 2/32 MP: 5/5
  2320 | D:3      | 2320 ||| Stepping ~*~*~tactically~*~*~ (hiding).
  2355 | D:3      | Reached XP level 6. HP: 38/38 MP: 6/6
  2673 | D:3      | Reached skill level 1 in Dodging
  2713 | D:3      | 2713 ||| UPGRADING to +0 cloak.
  2718 | D:3      | 2718 ||| READING scroll labelled LIWILA BE SUZ.
  2719 | D:3      | 2719 ||| READING 3 scrolls labelled HAOWEO HOWU.
  2720 | D:3      | 2720 ||| READING scroll labelled SOMYKO GUGEI.
  2721 | D:3      | 2721 ||| READING scroll labelled UKIMAE CEBANT.
  2722 | D:3      | 2722 ||| READING 2 scrolls of identify.
  2722 | D:3      | 2722 ||| IDENTIFYING fizzy pink potion
  2723 | D:3      | 2723 ||| DROPPING 2 scrolls of immolation.
  2724 | D:3      | 2724 ||| DROPPING potion of ambrosia.
  2813 | D:4      | 2813 ||| Stepping ~*~*~tactically~*~*~ (stealth).
  2958 | D:4      | 2958 ||| DROPPING +0 mace.
  3058 | D:4      | Found a broken altar of Ashenzari.
  3467 | D:4      | Found a large runed translucent door.
  3467 | D:4      | Found a large runed translucent door.
  3526 | D:4      | Found a staircase to the Ecumenical Temple.
  3527 | D:4      | 3527 ||| PLANNING TEMPLE
  3537 | D:4      | 3537 ||| UPGRADING to +0 pair of gloves.
  3542 | D:4      | 3542 ||| UPGRADING to +0 chain mail.
  3552 | D:4      | 3552 ||| DROPPING +0 scale mail.
  3553 | D:4      | 3553 ||| UPGRADING to amulet of the acrobat.
  3558 | D:4      | 3558 ||| READING scroll labelled ZEIGOB CUVEINK.
  3564 | Temple   | Entered the Ecumenical Temple
  3674 | Temple   | 3674 ||| PLANNING D:1-11
  3785 | D:5      | Entered Level 5 of the Dungeon
  3890 | D:5      | 3890 ||| DROPPING +0 flail.
  3903 | D:5      | 3903 ||| Stepping ~*~*~tactically~*~*~ (stealth).
  3913 | D:5      | Reached skill level 6 in Axes
  3913 | D:5      | Reached XP level 7. HP: 27/43 MP: 7/7
  3914 | D:5      | HP: 2/43 [wight/+4 long sword of freezing (19)]
  3914 | D:5      | Slain by a wight

Levels and vault maps discovered:
D:1:      minmay_arrival_checkered_box, layout_loops_ring,
          minmay_worlds_worst_comb
D:2:      layout_loops_ring, ebering_ecumenical_altar_webs, uniq_robin
D:3:      layout_loops_ring, minmay_joined_circles
D:4:      layout_rooms, jmf_multi_god_temple2, mainiacjoe_overflow_catwalk,
          minmay_temple_entry_fiery, roderic_lattice_a
D:5:      layout_basic, minmay_misc_feat_hallway, wad_floor_pattern_untrapped
Temple:   dshaligram_water_room_temple

Skill      XL: |  1  2  3  4  5  6 |
---------------+-------------------+-----
Axes           | 2 3 5 6 |  6.2
Fighting       | 4 |  4.1
Dodging        | 1 |  1.0
Armour         | |  3.2
Shields        | |  3.2

Action                     |  1- 3 |  4- 6 |  7- 9 || total
---------------------------+-------+-------+-------++-------
  Melee: War axe           |    82 |   203 |     2 ||   287
    Use: Scroll            |       |    10 |       ||    10
   Stab: Distracted        |       |     1 |       ||     1
 Armour: Scale mail        |    31 |    91 |       ||   122
         Chain mail        |       |    12 |     2 ||    14
  Dodge: Dodged            |    34 |    68 |     1 ||   103
  Block: Buckler           |    16 |    36 |     1 ||    53

Table legend:
 A = Non-vault XP
 B = Vault XP
 C = Vault XP percentage of total XP
 D = Non-vault monster count
 E = Vault monster count
 F = Vault count percentage of total count
                 A         B        C        D         E       F
            +---------+---------+-------+---------+---------+-------
      Total |     549 |      99 |  15.3 |      71 |      21 |  22.8
            +---------+---------+-------+---------+---------+-------
        D:1 |      34 |       6 |  15.0 |      19 |       3 |  13.6
        D:2 |      64 |      27 |  29.7 |      13 |       7 |  35.0
        D:3 |     152 |      66 |  30.3 |      16 |      11 |  40.7
        D:4 |      81 |       0 |   0.0 |      17 |       0 |   0.0
        D:5 |     218 |       0 |   0.0 |       6 |       0 |   0.0
            +---------+---------+-------+---------+---------+-------
